 Dungeon Crawl Stone Soup version 0.25-a0-589-g1e14c549ee (webtiles) character file.

Game seed: 17208815262481363292, levelgen mode: deterministic

578562 DerDa the Devastator (level 26, -2/199 HPs)
             Began as a Demonspawn Fire Elementalist on Mar 11, 2020.
             Was an Elder of Sif Muna.
             Killed from afar by a starcursed mass (34 damage)
             ... with an accursed screaming
             ... on level 4 of the Abyss on Mar 13, 2020.
             The game lasted 06:58:05 (68531 turns).

DerDa the Devastator (DsFE)                        Turns: 68531, Time: 06:58:06

Health: -2/199     AC: 24    Str:  7    XL:     26   Next: 33%
Magic:  41/54      EV: 23    Int: 33    God:    Sif Muna [****..]
Gold:   7943       SH: 16    Dex: 16    Spells: 19/61 levels left

rFire    + + .     SeeInvis +   l - +2 demon blade of Armageddon {freeze, SInv}
rCold    + + +     Gourm    .   T - +5 kite shield {reflect}
rNeg     + . .     Faith    +   f - +5 leather armour of the Vaults {rC+ Str-3 Int+4}
rPois    .         Spirit   .   (helmet unavailable)
rElec    .         Reflect  +   Z - scarf {rC+ rF+}
rCorr    .         Harm     .   (no gloves)
MR       ++...                  x - +2 pair of boots {run}
Stlth    +.........             n - amulet "Tirroodi" {Faith rN+ MR+ Int+4 Stlth-}
HPRegen  0.00/turn              N - ring of Curutz {rF+ EV+6 Slay+2}
MPRegen  0.34/turn              X - ring of magical power

@: lethally poisoned (-2 -> -20), slightly contaminated, non-regenerating,
mildly diseased, quick
A: horns 3, rugged brown scales 3, cold resistance 1, icemail, powered by pain
3, augmentation 3, freezing cloud immunity
}: 2/15 runes: decaying, gossamer
a: Channel Magic, Forget Spell, Divine Exegesis, Renounce Religion


You were on level 4 of the Abyss.
You worshipped Sif Muna.
Sif Muna was greatly pleased with you.
You were not hungry.

You visited 9 branches of the dungeon, and saw 44 of its levels.
You visited the Abyss 2 times.
You visited 2 bazaars.
You also visited: Gauntlet and Ice Cave.

You collected 11536 gold pieces.
You spent 3593 gold pieces at shops.

Inventory:

Hand Weapons
 l - the +2 demon blade of Armageddon (weapon) {freeze, SInv}
   (You found it in an ice cave)

   It has been specially enchanted to freeze those struck by it, causing extra
   injury to most foes and up to half again as much damage against particularly
   susceptible opponents.
   It can also slow down cold-blooded creatures.
   It lets you see invisible.
 V - the +7 flail of Upiha {vorpal, rElec}
   (You found it on level 12 of the Dungeon)

   It inflicts extra damage upon your enemies.
   It insulates you from electricity.
Armour
 f - the +5 leather armour of the Vaults (worn) {rC+ Str-3 Int+4}
   (You found it in a Gauntlet)

   It affects your strength (-3).
   It affects your intelligence (+4).
   It protects you from cold.
 x - a +2 pair of boots of running (worn)
 T - a +5 kite shield of reflection (worn)
 Z - a scarf of resistance (worn)
Jewellery
 g - an uncursed ring of fire
 n - the amulet "Tirroodi" (around neck) {Faith rN+ MR+ Int+4 Stlth-}
   (You bought it in a shop on level 4 of the Vaults)

   [amulet of faith]

   It allows you to gain divine favour quickly.
   It affects your intelligence (+4).
   It protects you from negative energy.
   It affects your resistance to hostile enchantments.
   It makes you less stealthy.
 u - an uncursed ring of protection from fire
 B - an uncursed amulet of the acrobat
 C - the ring "Ucaag" {*Tele Int+4 Dex+2}
   (You took it off a deep elf annihilator on level 3 of the Elven Halls)

   [ring of teleportation]

   It may teleport you next to monsters.
   It affects your intelligence (+4).
   It affects your dexterity (+2).
 N - the ring of Curutz (left hand) {rF+ EV+6 Slay+2}
   (You found it on level 6 of the Lair of Beasts)

   [ring of evasion]

   It affects your evasion (+6).
   It affects your accuracy and damage with ranged weapons and melee attacks
   (+2).
   It protects you from fire.
 R - an uncursed ring of resist corrosion
 W - an uncursed ring of poison resistance
 X - a ring of magical power (right hand)
Wands
 b - a wand of acid (21)
 h - a wand of disintegration (33)
 r - a wand of scattershot (11)
 w - a wand of polymorph (4)
 P - a wand of iceblast (17)
 U - a wand of digging (15)
Scrolls
 a - 7 scrolls of magic mapping
 e - 19 scrolls of teleportation
 m - 12 scrolls of fog
 o - 3 scrolls of enchant armour
 q - 19 scrolls of remove curse
 v - 8 scrolls of fear
 A - 9 scrolls of immolation
 K - 2 scrolls of blinking
 L - 9 scrolls of identify
 S - 2 scrolls of summoning
Potions
 d - 11 potions of heal wounds
 i - 6 potions of might
 j - 12 potions of flight
 s - 3 potions of resistance
 t - 8 potions of cancellation
 z - 10 potions of brilliance
 D - 26 potions of curing
 E - 8 potions of mutation
 H - 5 potions of magic
 I - 5 potions of ambrosia
 J - 2 potions of invisibility (quivered)
 Q - 10 potions of haste
Miscellaneous
 k - 2 phantom mirrors
 y - a lightning rod (4/4)
 F - a lamp of fire
 G - 3 boxes of beasts
 Y - a fan of gales
Comestibles
 c - 41 rations
 p - 4 chunks of flesh


   Skills:
 + Level 10.4 Fighting
 + Level 10.0 Dodging
 - Level 1.7 Stealth
 + Level 11.6 Shields
 * Level 18.1 Spellcasting
 * Level 18.5 Conjurations
 - Level 5.0 Charms
 - Level 5.0 Translocations
 - Level 6.0 Transmutations
 * Level 17.4 Fire Magic
 - Level 7.0 Air Magic
 + Level 12.0 Earth Magic
 + Level 15.6 Invocations
 + Level 12.5 Evocations


You had 19 spell levels left.
You knew the following spells:

 Your Spells              Type           Power        Failure   Level  Hunger
a - Foxfire               Conj/Fire      ####         0%          1    None
b - Sticky Flame          Conj/Fire      #######.     1%          4    None
c - Fireball              Conj/Fire      #######...   1%          5    None
d - Lightning Bolt        Conj/Air       #######...   1%          5    None
e - Airstrike             Air            ######....   1%          4    None
f - Bolt of Magma         Conj/Fire/Erth #######...   1%          5    None
g - Iron Shot             Conj/Erth      #######...   1%          6    None
h - Irradiate             Conj/Tmut      #######...   1%          5    None
i - Iskenderun's Battles  Conj/Chrm      #######.     1%          5    None
q - Blink                 Tloc           N/A          1%          2    None

Your spell library contained the following spells:

 Spells                   Type           Power        Failure   Level  Hunger
 Magic Dart               Conj           ####         0%          1    None
 Shock                    Conj/Air       ####         0%          1    None
 Searing Ray              Conj           ######       0%          2    None
 Conjure Flame            Conj/Fire      #######.     0%          3    None
 Stone Arrow              Conj/Erth      ######       0%          3    None
 Apportation              Tloc           ######       1%          1    None
 Infusion                 Chrm           ####         1%          1    None
 Sandblast                Erth           ######       1%          1    None
 Sting                    Tmut/Pois      ####         1%          1    None
 Corpse Rot               Necr/Air       N/A          1%          2    None
 Passwall                 Tmut/Erth      ######..     1%          2    None
 Poisonous Vapours        Pois/Air       ######       1%          2    None
 Shroud of Golubria       Chrm/Tloc      ######       1%          2    None
 Song of Slaying          Chrm           ######..     1%          2    None
 Swiftness                Chrm/Air       ######..     1%          2    None
 Dazzling Flash           Conj/Hex       ######       1%          3    None
 Gell's Gravitas          Tloc           ######....   1%          3    None
 Ignite Poison            Fire/Tmut/Pois ######..     1%          3    None
 Inner Flame              Hex/Fire       ######..     1%          3    None
 Lesser Beckoning         Tloc           ######....   1%          3    None
 Mephitic Cloud           Conj/Pois/Air  ######..     1%          3    None
 Static Discharge         Conj/Air       #######.     1%          3    None
 Teleport Other           Tloc           ######..     1%          3    None
 Fulminant Prism          Conj/Hex       ######....   1%          4    None
 Hailstorm                Conj/Ice       ######..     1%          4    None
 Iskenderun's Mystic Bla  Conj/Tloc      #######.     1%          4    None
 Petrify                  Tmut/Erth      ######..     1%          4    None
 Lee's Rapid Deconstruct  Erth           #######...   1%          5    None
 Starburst                Conj/Fire      #######...   1%          6    None
 Orb of Destruction       Conj           ########..   1%          7    ###....
 Spider Form              Tmut/Pois      #####.....   2%          3    None
 Leda's Liquefaction      Hex/Erth       ######....   2%          4    None
 Conjure Ball Lightning   Conj/Air       #######...   2%          6    None
 Animate Skeleton         Necr           N/A          3%          1    None
 Corona                   Hex            ####...      3%          1    None
 Freeze                   Ice            ####         3%          1    None
 Pain                     Necr           ####         3%          1    None
 Summon Butterflies       Summ           ####....     3%          1    None
 Summon Small Mammal      Summ           ####         3%          1    None
 Ozocubu's Armour         Chrm/Ice       #####...     3%          3    None
 Portal Projectile        Hex/Tloc       #####.       3%          3    None
 Spectral Weapon          Hex/Chrm       #####...     3%          3    None
 Passage of Golubria      Tloc           N/A          3%          4    None
 Call Imp                 Summ           ####....     4%          2    None
 Ensorcelled Hibernation  Hex/Ice        ####..       4%          2    None
 Slow                     Hex            ####....     4%          2    None
 Sublimation of Blood     Necr           ####......   4%          2    None
 Summon Lightning Spire   Summ/Air       ######..     7%          4    None
 Borgnjor's Vile Clutch   Necr/Erth      ######....   7%          5    None
 Vampiric Draining        Necr           ####......   9%          3    None
 Ice Form                 Ice/Tmut       #####...     9%          4    None
 Statue Form              Tmut/Erth      ######...    11%         6    None
 Freezing Cloud           Conj/Ice/Air   ######....   14%         6    None
 Ignition                 Fire           #######...   14%         8    #####..
 Silence                  Hex/Air        ######....   19%         5    None
 Alistair's Intoxication  Tmut/Pois      #####...     24%         5    None
 Ring of Flames           Chrm/Fire      #######...   24%         7    ###....
 Animate Dead             Necr           N/A          28%         4    None
 Dispel Undead            Necr           ####....     28%         4    None
 Summon Ice Beast         Ice/Summ       ####....     28%         4    None
 Lehudib's Crystal Spear  Conj/Erth      #######...   34%         8    #####..
 Deflect Missiles         Chrm/Air       ######....   36%         6    None
 Spellforged Servitor     Conj/Summ      ######....   47%         7    ###....
 Dispersal                Tloc           ######....   50%         6    None
 Agony                    Necr           ####....     63%         5    None
 Metabolic Englaciation   Hex/Ice        ####......   63%         5    None
 Chain Lightning          Conj/Air       #######...   69%         8    #####..
 Eringya's Noxious Bog    Tmut/Pois      #####.....   78%         6    None
 Fire Storm               Conj/Fire      #######...   88%         9    ######.
 Dragon Form              Tmut           ######....   91%         7    ###....
 Darkness                 Hex            ####......   99%         6    None
 Death Channel            Necr           ####......   99%         6    None
 Ozocubu's Refrigeration  Ice            ####......   99%         6    None
 Shadow Creatures         Summ           N/A          99%         6    None
 Simulacrum               Ice/Necr       ####......   99%         6    None
 Malign Gateway           Summ/Tloc      #####.....   100%        7    ###....
 Monstrous Menagerie      Summ           ####......   100%        7    ###....
 Summon Greater Demon     Summ           ####......   100%        7    ###....
 Borgnjor's Revivificati  Necr           ####......   100%        8    #####..
 Controlled Blink         Tloc           N/A          100%        8    #####..
 Disjunction              Tloc           ######....   100%        8    #####..
 Infestation              Necr           ####......   100%        8    #####..
 Summon Horrible Things   Summ           ####......   100%        8    #####..
 Glaciate                 Conj/Ice       ######....   100%        9    ######.
 Shatter                  Erth           #######...   100%        9    ######.
 Tornado                  Air            ######....   100%        9    ######.


Dungeon Overview and Level Annotations

Branches:
Dungeon (15/15)            Temple (1/1) D:5            Lair (6/6) D:11
  Swamp (4/4) Lair:3       Spider (4/4) Lair:3        Slime (0/5) Lair:5
    Orc (2/2) D:11            Elf (3/3) Orc:2        Vaults (4/5) D:14
  Crypt (0/3) Vaults:2     Depths (5/5) D:15          IceCv (visited)
Gauntlet (visited)
    Zot: Depths:5

Altars:
Ashenzari
Cheibriados
Dithmenos
Elyvilon
Fedhas
Gozag
Hepliaklqana
Kikubaaqudgha
Makhleb
Nemelex Xobeh
Okawaru
Qazlal
Ru
Sif Muna
Trog
Uskayaw
Vehumet
Wu Jian
Xom
Yredelemnul
Zin
The Shining One

Shops:
D:9 =   D:10 !   Orc:2 %*(*}   Elf:2 ?[}   Vaults:3 =   Vaults:4 =*

Portals:
Hell: Lair:6 Depths:1 Depths:2 Depths:3 Depths:4
Abyss: Depths:1 Depths:4
Pandemonium: Depths:3
Ziggurat: Depths:4

Annotations:
Vaults:4 Mennas


Innate Abilities, Weirdness & Mutations

You have a pair of large horns on your head.
You are completely covered in rugged brown scales. (AC +3, +7% HP)
Your flesh is cold resistant. (rC+)
A meltable icy envelope protects you from harm. (AC +10)
You are powered by pain.
Your magical and physical power is greatly enhanced at high health.
You are immune to freezing clouds.


Message History

A spatial vortex comes into view.
The spatial maelstrom closely misses you.
You riposte.
You hit the spatial maelstrom.
The spatial maelstrom is lightly damaged.
You block the spatial maelstrom's attack.
The spatial maelstrom closely misses you.
You riposte.
You slash the spatial maelstrom!
The spatial maelstrom is lightly damaged.
The spatial maelstrom barely misses you.
A spatial vortex comes into view.
You feel much better.
You feel sick. The spatial maelstrom hits you!
* * * LOW HITPOINT WARNING * * *
You feel strangely stable. The spatial maelstrom hits you!
* * * LOW HITPOINT WARNING * * *
You blink.
Unknown command.
You feel much better.
You feel sick.
Cornered, the guardian serpent turns to fight!
A cacophony of accursed wailing tears at your sanity!
You die...

.. . .... #§#. ....
§.§.#.....
...##....# . .
.N.h..... .#
###########.Nh#....
. .._..G.h.._......
. . #.
..X_X..X@..h....
.#XX._NN.Xx.XXX..#..
x 'x_..._.XXSXN.2.#
. 8.#
.X_..cX.XX_.v.# .
..#.


c.._.XvXXXX_v# .8.#..._.......X...# . #################.v..# .. ... ♣vv..#
##..v.v You could see 19 starcursed masses, a lorocyproca (invisible), 2 spatial
maelstroms, a great orb of eyes (fleeing), a salamander, 4 spatial vortices, a
guardian serpent, a yaktaur, a worldbinder, a naga mage (fleeing), 4 raiju and 3
nagas.

Vanquished Creatures
  2 ancient liches (Depths:4)
  2 juggernauts
  Mara (Vaults:1)
  Sojobo (Depths:3)
  Boris (twice) (Vaults:3 Depths:2)
  Saint Roka (Elf:2)
  Margery (Vaults:2)
  2 golden dragons
  9 caustic shrikes
  Jory (Vaults:2)
  Nikola (Depths:2)
  Arachne (Spider:2)
  5 tentacled monstrosities
  2 Ice Fiends (IceCv)
  2 liches
  Asterion (Spider:4)
  3 deep elf master archers (Elf:3)
  4 deep elf blademasters
  A quicksilver dragon (Depths:2)
  Gastronok (Lair:1)
  A sphinx (Vaults:4)
  Frances (Spider:2)
  2 thorn hunters
  Roxanne (Elf:2)
  4 shadow dragons
  2 storm dragons
  6 fire giants
  6 tengu reavers
  Donald (Spider:3)
  An azure jelly (Elf:3)
  The ghost of Volibb the Fighter, a journeyman HONe of Trog (D:14)
  6 frost giants
  7 deep elf sorcerers
  2 iron dragons
  2 emperor scorpions
  Aizul (Vaults:4)
  A ghoul (Vaults:4)
  9 vault wardens
  4 deep elf elementalists
  3 ghost moths (Spider:4)
  7 ironheart preservers
  A war gargoyle (Vaults:4)
  2 spriggan defenders
  19 very ugly things
  19 stone giants
  5 deep elf demonologists
  4 entropy weavers
  Azrael (D:15)
  A lorocyproca (Abyss:4)
  11 deep elf annihilators (Elf:3)
  2 red draconians (Depths:5)
  A dire elephant (Lair:6)
  A minotaur (Gauntlet)
  3 vampire knights
  9 spark wasps
  Snorg (Orc:2)
  4 ettins
  3 deep elf death magi
  A crystal guardian (Vaults:3)
  3 jiangshi (Depths:4)
  4 deep elf high priests
  Fannar (Lair:3)
  13 fire dragons
  5 rakshasas
  14 yaktaur captains
  5 great orbs of eyes
  A ghost crab (Swamp:4)
  6 vault guards
  10 centaur warriors
  2 spriggan air magi (Depths:2)
  7 ice dragons
  A hell beast (Lair:6)
  5 tengu warriors
  49 two-headed ogres
  23 hydras
  17 ogre magi
  5 death knights
  13 alligators
  A vampire mage (Depths:4)
  3 deep troll earth magi
  9 deep troll shamans
  24 dancing weapons
  17 hell knights
  Urug (Lair:3)
  3 hell hogs (Depths:2)
  2 spriggan berserkers (Depths:3)
  A wretched star (Abyss:4)
  3 fire crabs (Swamp:4)
  18 deep elf knights
  Sonja (Lair:3)
  A salamander mystic (Depths:2)
  4 shadow wraiths
  7 skeletal warriors
  4 iron trolls
  21 deep trolls
  A spatial maelstrom (Abyss:4)
  A death drake (shapeshifter) (D:15)
  6 unseen horrors
  6 swamp dragons
  An orange crystal statue (Vaults:1)
  An obsidian statue (Elf:1)
  A glowing orange brain (Depths:1)
  Pikel (D:7)
  4 phantasmal warriors
  12 deep elf archers
  13 harpies
  11 ironbrand convokers
  10 orc knights
  A wolf spider zombie (D:14)
  55 deep elf magi
  3 flayed ghosts
  26 wolf spiders
  21 ugly things
  13 necromancers
  5 wizards
  14 orb spiders
  A stone giant zombie (Vaults:1)
  5 orc sorcerers
  A manticore (D:15)
  2 salamanders (Depths:2)
  2 worldbinders (Abyss:4)
  An elephant (shapeshifter) (D:15)
  10 cyclopes
  4 moths of wrath
  7 elephants (Lair:6)
  2 centaur zombies (D:15)
  3 smoke demons
  2 ice statues (IceCv)
  9 black mambas
  A molten gargoyle (Depths:2)
  A gargoyle (D:15)
  4 orange demons (Lair:6)
  12 vault sentinels
  3 kobold demonologists
  20 spiny frogs
  2 minotaur zombies (Gauntlet)
  3 torpor snails
  5 rime drakes
  6 komodo dragons
  4 human zombies
  9 freezing wraiths
  3 efreet
  2 tengu conjurers
  14 ice devils
  An ancient zyme (Abyss:4)
  9 demonic crawlers
  44 yaktaurs
  5 red devils
  A harpy zombie (D:13)
  6 meliai
  6 tyrant leeches
  A meliai (shapeshifter) (Depths:4)
  6 trolls
  A polar bear (Lair:6)
  24 jumping spiders
  A hornet (shapeshifter) (Depths:3)
  Grinder (D:6)
  15 hornets
  A polar bear (shapeshifter) (Vaults:3)
  A raiju (Abyss:4)
  A blink frog (shapeshifter) (D:15)
  2 raiju (shapeshifter)
  45 slime creatures
  A hippogriff (shapeshifter) (D:15)
  10 large abominations
  10 bog bodies
  A blink frog (Lair:6)
  2 centaur simulacra (D:15)
  14 hippogriffs
  A redback (shapeshifter) (Depths:4)
  65 redbacks
  3 shadows
  An elf zombie (Vaults:1)
  8 spriggans
  2 wraiths
  2 ynoxinuls (Abyss:4)
  A spriggan (shapeshifter) (Elf:3)
  2 vampires (D:15)
  A tarantella (shapeshifter) (Vaults:2)
  7 fire elementals
  Eustachio (D:4)
  40 yaks
  A hog (shapeshifter) (Vaults:4)
  10 water elementals
  32 tarantellas
  4 fire bats
  20 humans (D:14)
  3 wyverns
  5 chaos spawn (Depths:1)
  30 vampire mosquitoes
  A fire bat (shapeshifter) (D:15)
  3 hungry ghosts
  5 steam dragons (Swamp:4)
  4 basilisks
  4 wargs (Orc:2)
  16 swamp worms
  8 insubstantial wisps (Swamp:1)
  3 acid dragons
  14 water moccasins
  A water moccasin (shapeshifter) (Depths:3)
  12 hell hounds
  2 slaves (D:7)
  5 small abominations
  6 porcupines
  A deep troll skeleton (Vaults:4)
  10 swamp drakes
  24 orc warriors
  6 ice beasts
  7 sky beasts
  48 ogres
  An eye of draining (D:11)
  An ogre (shapeshifter) (Vaults:4)
  A hornet zombie (D:7)
  9 necrophages
  6 boggarts
  19 wolves
  18 centaurs
  8 crocodiles
  Blork the orc (D:6)
  16 bullfrogs
  A bullfrog (shapeshifter) (D:14)
  2 gnoll sergeants
  9 big kobolds
  2 earth elementals
  A water moccasin zombie (D:7)
  A human skeleton (Vaults:1)
  3 elf simulacra
  6 scorpions
  24 killer bees
  An orc simulacrum (Vaults:1)
  2 electric eels
  19 wights
  3 howler monkeys (D:9)
  8 crimson imps
  3 bullfrog zombies
  A wyvern simulacrum (D:14)
  A jelly (shapeshifter) (Vaults:2)
  4 jellies
  20 orc priests
  6 hounds
  3 bullfrog skeletons
  18 orc wizards
  Crazy Yiuf (D:6)
  3 centaur skeletons
  Jessica (D:3)
  Terence (D:3)
  4 iguanas
  8 worker ants
  4 hell rats
  2 hound zombies
  2 hound skeletons
  8 adders
  10 gnolls
  9 shadow imps
  10 white imps (IceCv)
  An ooze (D:1)
  4 ufetubi
  An adder skeleton (D:5)
  An adder zombie (D:9)
  3 worms (D:2)
  2 dart slugs
  6 leopard geckos
  103 orcs
  A ball python (D:3)
  2 giant cockroaches
  11 goblins
  4 hobgoblins
  9 jackals
  7 quokkas
  5 bats
  7 frilled lizards
  22 kobolds
  A quokka zombie (D:6)
  8 rats
  5 fungi
  2 plants
1961 creatures vanquished.

Vanquished Creatures (others)
  3 stone giants
  2 centaur warriors
  A deep elf knight (Elf:1)
  A deep elf archer (D:15)
  4 yaktaurs
  A hornet (Swamp:4)
  A slave (D:7)
  3 white imps
  3 ufetubi (IceCv)
  5 briar patches (Swamp:4)
  A bush (Abyss:4)
  864 foxfires
  3 fungi
  16 plants
  4 toadstools (Swamp:2)
912 creatures vanquished.

Grand Total: 2873 creatures vanquished

Notes
Turn   | Place    | Note
-------+----------+-------------------------------------------
     0 | D:1      | DerDa the Demonspawn Fire Elementalist began the quest for
                  | the Orb.
     0 | D:1      | Reached XP level 1. HP: 13/13 MP: 3/3
   165 | D:1      | Gained mutation: You are partially covered in rugged brown
                  | scales. (AC +1, +3% HP) [demonic ancestry]
   165 | D:1      | Reached XP level 2. HP: 11/19 MP: 3/5
   730 | D:1      | Found a sparkling altar of Nemelex Xobeh.
  1036 | D:2      | Gained mutation: Your flesh is cold resistant. (rC+)
                  | [demonic ancestry]
  1036 | D:2      | Reached XP level 3. HP: 24/24 MP: 4/6
  1944 | D:3      | Reached XP level 4. HP: 28/30 MP: 3/8
  1944 | D:3      | Noticed Jessica
  1951 | D:3      | Killed Jessica
  1986 | D:3      | Found a glowing golden altar of the Shining One.
  2020 | D:3      | Found an iron altar of Okawaru.
  2197 | D:3      | Found a snail-covered altar of Cheibriados.
  2263 | D:3      | Noticed Terence
  2277 | D:3      | Learned a level 4 spell: Sticky Flame
  2287 | D:3      | Killed Terence
  2287 | D:3      | Gained mutation: You sometimes gain a little power by
                  | taking damage. [demonic ancestry]
  2287 | D:3      | Reached XP level 5. HP: 36/36 MP: 2/9
  2366 | D:3      | Found an opulent altar of Gozag.
  2535 | D:3      | Found a stormy altar of Qazlal.
  3114 | D:4      | Noticed Eustachio
  3128 | D:4      | Killed Eustachio
  3128 | D:4      | Gained mutation: You are mostly covered in rugged brown
                  | scales. (AC +2, +5% HP) [demonic ancestry]
  3128 | D:4      | Reached XP level 6. HP: 36/43 MP: 7/12
  3629 | D:4      | Learned a level 5 spell: Fireball
  3671 | D:5      | Entered Level 5 of the Dungeon
  3671 | D:5      | Found a shimmering altar of Xom.
  3728 | D:5      | Found a hazy altar of Hepliaklqana.
  3737 | D:5      | Found a staircase to the Ecumenical Temple.
  3749 | Temple   | Entered the Ecumenical Temple
  3795 | Temple   | Became a worshipper of Sif Muna the Loreminder
  4066 | D:5      | Reached XP level 7. HP: 41/48 MP: 1/13
  4126 | D:5      | Found a shimmering altar of Xom.
  4147 | D:5      | Reached skill level 5 in Fire Magic
  4359 | D:5      | Reached skill level 5 in Spellcasting
  4359 | D:5      | Reached skill level 5 in Conjurations
  4696 | D:5      | Found a bloodstained altar of Trog.
  5064 | D:6      | Noticed Blork the orc
  5361 | D:6      | Gained mutation: You have a pair of small horns on your
                  | head. [demonic ancestry]
  5361 | D:6      | Reached XP level 8. HP: 33/54 MP: 9/15
  5418 | D:6      | Killed Blork the orc
  5499 | D:6      | Noticed Grinder
  5510 | D:6      | Killed Grinder
  5671 | D:6      | Found a glowing silver altar of Zin.
  5710 | D:6      | Found a basalt altar of Yredelemnul.
  5716 | D:6      | Reached * piety under Sif Muna
  5746 | D:6      | Found a shimmering blue altar of Sif Muna.
  5883 | D:6      | Found a runed translucent door.
  5884 | D:6      | Noticed Crazy Yiuf
  5893 | D:6      | Killed Crazy Yiuf
  6341 | D:7      | Noticed Pikel
  6360 | D:7      | Killed Pikel
  6360 | D:7      | Reached XP level 9. HP: 50/59 MP: 0/19
  6787 | D:7      | Found a radiant altar of Vehumet.
  8997 | D:9      | Reached ** piety under Sif Muna
  8997 | D:9      | Reached XP level 10. HP: 66/66 MP: 16/21
  9409 | D:9      | Reached skill level 1 in Invocations
  9437 | D:9      | Reached skill level 1 in Fighting
  9437 | D:9      | Reached skill level 1 in Evocations
  9713 | D:9      | Found an ancient bone altar of Kikubaaqudgha.
  9815 | D:9      | Found a sparkling altar of Nemelex Xobeh.
  9936 | D:9      | Found Keizet's Jewellery Emporium.
  9957 | D:9      | Reached *** piety under Sif Muna
 10550 | D:10     | Entered Level 10 of the Dungeon
 10550 | D:10     | Noticed a two-headed ogre
 10554 | D:10     | Killed a two-headed ogre
 10554 | D:10     | Reached skill level 1 in Shields
 10692 | D:10     | Noticed a two-headed ogre
 10699 | D:10     | Killed a two-headed ogre
 10895 | D:10     | Reached XP level 11. HP: 72/75 MP: 18/23
 11110 | D:10     | Found Jazatroff's Distillery.
 11118 | D:10     | Bought a potion of curing for 48 gold pieces
 11118 | D:10     | Bought a potion of lignification for 48 gold pieces
 11716 | D:11     | Found a staircase to the Lair.
 11836 | D:11     | Found a shadowy altar of Dithmenos.
 12114 | D:11     | Found a staircase to the Orcish Mines.
 12117 | D:11     | Reached **** piety under Sif Muna
 12358 | Lair:1   | Entered Level 1 of the Lair of Beasts
 12635 | Lair:1   | Noticed a six-headed hydra
 12846 | D:12     | Noticed a purple ugly thing
 12865 | D:11     | Killed a purple ugly thing
 13051 | D:12     | Found a shattered altar of Ashenzari.
 13553 | D:12     | Got a bloodstained flail
 13997 | D:12     | HP: 1/78 [hippogriff (10)]
 13999 | D:12     | Reached skill level 10 in Conjurations
 14000 | D:12     | Reached ***** piety under Sif Muna
 14000 | D:12     | Received a gift from Sif Muna
 14020 | D:12     | Learned a level 5 spell: Lightning Bolt
 14025 | D:12     | Learned a level 4 spell: Airstrike
 14642 | Lair:1   | Identified the +7 flail of Upiha {vorpal, rElec} (You found
                  | it on level 12 of the Dungeon)
 14917 | Lair:1   | Reached skill level 1 in Air Magic
 14917 | Lair:1   | Gained mutation: You sometimes gain power by taking damage.
                  | [demonic ancestry]
 14917 | Lair:1   | Reached XP level 12. HP: 85/85 MP: 8/25
 15015 | Lair:1   | Killed a six-headed hydra
 15332 | Lair:1   | Reached skill level 10 in Fire Magic
 15332 | Lair:1   | Noticed a six-headed hydra
 15379 | Lair:1   | Killed a six-headed hydra
 15674 | Lair:1   | Noticed an eight-headed hydra
 15690 | Lair:1   | Reached skill level 5 in Invocations
 15691 | Lair:1   | Killed an eight-headed hydra
 15922 | Lair:1   | Reached skill level 10 in Spellcasting
 16120 | Lair:2   | Noticed Gastronok
 16130 | Lair:1   | Killed Gastronok
 16703 | Lair:2   | Learned a level 5 spell: Bolt of Magma
 17558 | Lair:3   | Noticed a six-headed hydra
 17561 | Lair:3   | Killed a six-headed hydra
 17561 | Lair:3   | Noticed Sonja
 17569 | Lair:3   | Killed Sonja
 17569 | Lair:3   | Reached skill level 5 in Dodging
 17587 | Lair:3   | Noticed Fannar
 17637 | Lair:3   | Killed Fannar
 17637 | Lair:3   | Gained mutation: You have a pair of horns on your head.
                  | [demonic ancestry]
 17637 | Lair:3   | Reached XP level 13. HP: 84/94 MP: 8/27
 17689 | Lair:3   | Noticed Urug
 17743 | Lair:3   | Killed Urug
 17743 | Lair:3   | Reached skill level 1 in Earth Magic
 18191 | Lair:3   | Found a hole to the Spider Nest.
 18338 | Lair:3   | Found a staircase to the Swamp.
 18730 | Lair:4   | Found a gate leading to a gauntlet.
 18756 | Gauntlet | Entered a Gauntlet
 18756 | Gauntlet | Found a transporter.
 18756 | Gauntlet | Found a transporter.
 18756 | Gauntlet | Found a runed translucent gate.
 18756 | Gauntlet | Found a runed translucent gate.
 18756 | Gauntlet | Found a runed translucent gate.
 18764 | Gauntlet | Found a transporter.
 18768 | Gauntlet | Found a transporter.
 18779 | Gauntlet | Found a transporter.
 18780 | Gauntlet | Found a transporter.
 18788 | Gauntlet | Found a transporter.
 18801 | Gauntlet | Found a transporter.
 18818 | Gauntlet | Found a transporter.
 18822 | Gauntlet | Found a transporter.
 18830 | Gauntlet | Found a transporter.
 18834 | Gauntlet | Found a transporter.
 18890 | Gauntlet | Got a distressingly furry leather armour
 18900 | Gauntlet | Identified the +5 leather armour of the Vaults {rC+ Str-3
                  | Int+4} (You found it in a Gauntlet)
 19025 | Gauntlet | Got a warped robe
 19035 | Gauntlet | Identified the +2 robe of the Blessed Realm {Str+4 Int+5
                  | Dex-4} (You found it in a Gauntlet)
 19456 | Gauntlet | Noticed a minotaur
 19464 | Gauntlet | Killed a minotaur
 19945 | Lair:4   | Reached skill level 5 in Evocations
 19954 | Lair:4   | Reached skill level 5 in Fighting
 20653 | Lair:5   | Found a staircase to the Slime Pits.
 21371 | Lair:6   | Entered Level 6 of the Lair of Beasts
 21582 | Lair:5   | Identified Sif Muna's Disquisition on Gliding Earth (Sif
                  | Muna gifted it to you on level 5 of the Lair of Beasts)
 21582 | Lair:5   | Received a gift from Sif Muna
 23007 | Lair:6   | Gained mutation: Your magical and physical power is
                  | slightly enhanced at high health. [demonic ancestry]
 23007 | Lair:6   | Reached XP level 14. HP: 46/101 MP: 4/29
 23367 | Lair:6   | Got a translucent jade ring
 23823 | Lair:6   | Identified the ring of Curutz {rF+ EV+6 Slay+2} (You found
                  | it on level 6 of the Lair of Beasts)
 23925 | Lair:6   | Found a burning altar of Makhleb.
 24046 | Lair:6   | Found a gateway to Hell.
 24284 | Orc:1    | Entered Level 1 of the Orcish Mines
 24393 | Orc:2    | Entered Level 2 of the Orcish Mines
 24586 | Orc:2    | Received a gift from Sif Muna
 24910 | Orc:2    | Found Ibbuppexzo's Gadget Emporium.
 25064 | Orc:2    | Found a staircase to the Elven Halls.
 25438 | Orc:2    | Reached skill level 5 in Air Magic
 25567 | Orc:2    | Found Fyxemaim's General Store.
 25567 | Orc:2    | Found Dusmeuruix's General Store.
 25568 | Orc:2    | Found Fumyn's Food Shoppe.
 25568 | Orc:2    | Found Buageepo's Weapon Boutique.
 25806 | Orc:2    | Bought a +2 pair of boots of running for 456 gold pieces
 25806 | Orc:2    | Bought a +0 broad axe for 44 gold pieces
 25806 | Orc:2    | Bought a scroll of teleportation for 33 gold pieces
 25806 | Orc:2    | Bought a scroll of identify for 22 gold pieces
 25872 | Orc:2    | Noticed Snorg
 25947 | Orc:2    | Killed Snorg
 26244 | D:9      | Bought an uncursed ring of see invisible for 240 gold
                  | pieces
 26332 | D:13     | Received a gift from Sif Muna
 26444 | D:13     | Gained mutation: You are completely covered in rugged brown
                  | scales. (AC +3, +7% HP) [demonic ancestry]
 26444 | D:13     | Reached XP level 15. HP: 103/112 MP: 19/30
 26459 | D:13     | Learned a level 2 spell: Blink
 26466 | D:13     | Learned a level 6 spell: Iron Shot
 26640 | D:13     | You fall into a shaft and drop 2 floors!
 26640 | D:15     | Entered Level 15 of the Dungeon
 26647 | D:15     | Noticed Azrael
 26657 | D:15     | Killed Azrael
 27455 | D:15     | Found a staircase to the Depths.
 27538 | D:15     | Found a burning altar of Makhleb.
 27539 | D:15     | Found a hide-covered altar of Uskayaw.
 27539 | D:15     | Found a hide-covered altar of Uskayaw.
 28420 | D:15     | Identified a scroll of acquirement
 28421 | D:15     | Identified the Handbook of Unstable Contamination (You
                  | acquired it on level 15 of the Dungeon)
 28429 | D:15     | Noticed a fire giant
 28436 | D:15     | Identified Folasuf's Almanac of Poisoning and Augmentations
 28443 | D:15     | Killed a fire giant
 29321 | D:15     | Noticed a fire giant
 29327 | D:15     | Killed a fire giant
 29327 | D:15     | Reached skill level 5 in Earth Magic
 29517 | D:15     | Identified the ring "Kiuvusod" {rC+ Stlth+}
 29880 | D:14     | Found a transporter.
 29957 | D:14     | Noticed Volibb's ghost (journeyman HONe)
 29963 | D:14     | Found a transporter.
 29989 | D:14     | Noticed a storm dragon
 29990 | D:14     | Noticed an azure jelly
 29990 | D:14     | a storm dragon changed into an azure jelly
 29991 | D:14     | Noticed a sphinx
 29991 | D:14     | an azure jelly changed into a sphinx
 29995 | D:14     | Noticed a quicksilver dragon
 29995 | D:14     | a sphinx changed into a quicksilver dragon
 29998 | D:14     | Noticed a shadow dragon
 29998 | D:14     | a quicksilver dragon changed into a shadow dragon
 30229 | D:14     | Gained mutation: You are immune to freezing clouds.
                  | [demonic ancestry]
 30229 | D:14     | Reached XP level 16. HP: 113/121 MP: 32/32
 30616 | D:14     | Identified Dattoge's Collected Works on Harmful Unholy Arts
                  | (Sif Muna gifted it to you on level 14 of the Dungeon)
 30616 | D:14     | Received a gift from Sif Muna
 30755 | D:14     | Found a gate to the Vaults.
 31569 | D:13     | Reached skill level 10 in Invocations
 32038 | Swamp:1  | Entered Level 1 of the Swamp
 32234 | Swamp:1  | Received a gift from Sif Muna
 33285 | D:9      | Bought an uncursed ring of poison resistance for 320 gold
                  | pieces
 33471 | Swamp:2  | Noticed a thorn hunter
 33475 | Swamp:2  | Killed a thorn hunter
 34811 | Swamp:3  | Found a shimmering blue altar of Sif Muna.
 35079 | Swamp:4  | Entered Level 4 of the Swamp
 36111 | Swamp:4  | Noticed a thorn hunter
 36125 | Swamp:3  | Gained mutation: Your magical and physical power is
                  | enhanced at high health. [demonic ancestry]
 36125 | Swamp:3  | Reached XP level 17. HP: 32/128 MP: 22/34
 36714 | Swamp:4  | Got a decaying rune of Zot
 36944 | Spider:1 | Entered Level 1 of the Spider Nest
 37005 | Spider:1 | Received a gift from Sif Muna
 38515 | Spider:2 | Noticed Frances
 38519 | Spider:2 | Killed Frances
 38519 | Spider:2 | Reached skill level 1 in Translocations
 38883 | Spider:2 | Noticed Arachne
 39049 | Spider:2 | Identified Sif Muna's Reference Book on the Entourage and
                  | Air (Sif Muna gifted it to you on level 2 of the Spider
                  | Nest)
 39049 | Spider:2 | Received a gift from Sif Muna
 39063 | Spider:2 | Learned a level 5 spell: Irradiate
 39069 | Spider:2 | Learned a level 5 spell: Iskenderun's Battlesphere
 39130 | Spider:2 | Identified the ring of Moodiness {*Corrode *Slow rPois
                  | Str+5 SInv}
 39181 | Spider:2 | Killed Arachne
 40011 | Spider:3 | Reached skill level 1 in Transmutations
 40017 | Spider:3 | Noticed Donald
 40160 | Spider:3 | Killed Donald
 40399 | Spider:4 | Entered Level 4 of the Spider Nest
 40629 | Spider:4 | Noticed Asterion
 40649 | Spider:4 | Killed Asterion
 41393 | Spider:4 | Reached XP level 18. HP: 138/138 MP: 11/35
 41753 | Spider:4 | Identified Sif Muna's Collected Works on Mutagenic
                  | Conjuration (Sif Muna gifted it to you on level 4 of the
                  | Spider Nest)
 41753 | Spider:4 | Received a gift from Sif Muna
 42001 | Spider:4 | Got a gossamer rune of Zot
 42313 | Vaults:1 | Entered Level 1 of the Vaults
 43927 | Vaults:1 | Reached skill level 15 in Conjurations
 44348 | Vaults:1 | Identified Sif Muna's Grimoire of the Volcanoes (Sif Muna
                  | gifted it to you on level 1 of the Vaults)
 44348 | Vaults:1 | Received a gift from Sif Muna
 44631 | Vaults:2 | Noticed Jory
 44639 | Vaults:2 | Noticed Margery
 44640 | Vaults:2 | Killed Jory
 45060 | Vaults:2 | Reached skill level 5 in Shields
 45326 | Vaults:2 | Noticed Mara
 45518 | Vaults:1 | Killed Mara
 45704 | Vaults:2 | Reached XP level 19. HP: 119/145 MP: 15/37
 46758 | Vaults:2 | Found a staircase to the Crypt.
 47890 | Vaults:2 | Killed Margery
 48155 | Vaults:2 | Found a sparkling altar of Nemelex Xobeh.
 48292 | Vaults:3 | Noticed Boris
 48299 | Vaults:3 | Killed Boris
 48743 | Vaults:3 | Received a gift from Sif Muna
 49159 | Vaults:3 | Reached skill level 1 in Charms
 50110 | Vaults:3 | Found Duong's Jewellery Emporium.
 50255 | Vaults:3 | Reached skill level 10 in Evocations
 50613 | Vaults:3 | Reached XP level 20. HP: 153/153 MP: 9/38
 51194 | Vaults:4 | Found Jaihykui's Jewellery Shoppe.
 51217 | Vaults:4 | Noticed Aizul
 51224 | Vaults:4 | Killed Aizul
 51665 | Vaults:4 | Reached skill level 15 in Fire Magic
 51731 | Vaults:4 | Reached skill level 5 in Translocations
 52140 | Vaults:4 | Found Yschiu's Assorted Antiques.
 52345 | Vaults:4 | Identified Sif Muna's Tome of Frigorific Evil (Sif Muna
                  | gifted it to you on level 4 of the Vaults)
 52345 | Vaults:4 | Received a gift from Sif Muna
 52349 | Vaults:4 | Reached skill level 10 in Earth Magic
 52745 | Vaults:4 | Noticed Mennas
 52898 | Vaults:4 | Bought the amulet "Tirroodi" {Faith rN+ MR+ Int+4 Stlth-}
                  | for 701 gold pieces
 53431 | D:14     | Killed Volibb's ghost
 53438 | D:14     | Got a distressingly furry robe
 53459 | D:14     | Identified the cursed +1 robe of Nemelex Xobeh's Regard
                  | {+Fly Str-5 Int+4} (You found it on level 14 of the
                  | Dungeon)
 53584 | Elf:1    | Entered Level 1 of the Elven Halls
 53656 | Elf:1    | Reached skill level 15 in Spellcasting
 54006 | Elf:1    | Identified the +9 rapier "Dragonslayer" {pain, Str+3}
 54387 | Elf:1    | Reached skill level 5 in Transmutations
 54776 | Elf:1    | Found a gateway to a bazaar.
 54784 | Bazaar   | Entered a bazaar
 54788 | Bazaar   | Found Xesupe's Antique Weapon Shoppe.
 54796 | Bazaar   | Found Omawn's Distillery.
 54804 | Bazaar   | Bought a potion of mutation for 80 gold pieces
 54807 | Bazaar   | Found Agidimn's Antique Armour Boutique.
 54818 | Bazaar   | Found Duong's Gadget Emporium.
 54826 | Bazaar   | Found Liugoha's General Store.
 54834 | Bazaar   | Bought a scroll of acquirement for 676 gold pieces
 54834 | Bazaar   | Bought a scroll of fear for 45 gold pieces
 54834 | Bazaar   | Bought a scroll of identify for 26 gold pieces
 54858 | Bazaar   | Bought a potion of heal wounds for 50 gold pieces
 54858 | Bazaar   | Bought a potion of haste for 100 gold pieces
 54858 | Bazaar   | Bought a potion of heal wounds for 50 gold pieces
 54858 | Bazaar   | Bought a potion of curing for 30 gold pieces
 54858 | Bazaar   | Bought a potion of curing for 30 gold pieces
 54858 | Bazaar   | Bought 2 potions of curing for 60 gold pieces
 54859 | Bazaar   | Identified the ring of Equivalence {rN+ Int+3 Slay+5} (You
                  | acquired it in a bazaar)
 55062 | Elf:2    | Found Miaclevi's Gadget Shoppe.
 55090 | Elf:2    | Found Holunilly's Antique Armour Emporium.
 55140 | Elf:2    | Found a runed translucent gate.
 55185 | Elf:2    | Found a runed translucent gate.
 55196 | Elf:2    | Found a runed translucent gate.
 55230 | Elf:2    | Identified Roxanne's Papyrus of the Rocks
 55230 | Elf:2    | Noticed Roxanne
 55511 | Elf:2    | Found Ilor's Magic Scroll Emporium.
 55516 | Elf:2    | Bought a scroll of magic mapping for 49 gold pieces
 55516 | Elf:2    | Bought a scroll of blinking for 105 gold pieces
 55516 | Elf:2    | Bought a scroll of summoning for 133 gold pieces
 55516 | Elf:2    | Bought a scroll of blinking for 105 gold pieces
 55582 | Elf:2    | Noticed Saint Roka
 55592 | Elf:2    | Killed Saint Roka
 55592 | Elf:2    | Gained mutation: A meltable icy envelope protects you from
                  | harm. (AC +10) [demonic ancestry]
 55592 | Elf:2    | Reached XP level 21. HP: 65/159 MP: 33/40
 56262 | Elf:2    | Killed Roxanne
 56354 | Elf:3    | Entered Level 3 of the Elven Halls
 56422 | Elf:3    | Found a frozen archway.
 56425 | Elf:3    | Identified Elytum's Papyrus of Harmful Shape Shifting (Sif
                  | Muna gifted it to you on level 3 of the Elven Halls)
 56425 | Elf:3    | Received a gift from Sif Muna
 56446 | IceCv    | Entered an ice cave
 56943 | IceCv    | Identified the +2 demon blade of Armageddon {freeze, SInv}
                  | (You found it in an ice cave)
 57742 | Elf:3    | Identified Kuhi's Compendium of Creation (Sif Muna gifted
                  | it to you on level 3 of the Elven Halls)
 57742 | Elf:3    | Received a gift from Sif Muna
 57930 | Elf:3    | Identified the cursed +2 hand axe of the Queen {speed,
                  | rElec Dex+2}
 57930 | Elf:3    | Identified the +1 ring mail of Beogh's Generosity {rC+}
 58045 | Elf:3    | Identified the ring "Ucaag" {*Tele Int+4 Dex+2}
 58135 | Elf:3    | Identified the +6 hand axe of Simes {holy, Dex+5} (You
                  | found it on level 3 of the Elven Halls)
 58140 | Elf:3    | Identified the +11 long sword of Sequestration {vamp, rN+
                  | Str-3 Int+8 Dex-2} (You found it on level 3 of the Elven
                  | Halls)
 58649 | Depths:1 | Entered Level 1 of the Depths
 59609 | Depths:1 | Found a shimmering altar of Xom.
 59655 | Depths:1 | Identified Kijuashri's Tome of Conjuration (Sif Muna gifted
                  | it to you on level 1 of the Depths)
 59655 | Depths:1 | Received a gift from Sif Muna
 59923 | Depths:1 | Found a one-way gate to the infinite horrors of the Abyss.
 60039 | Depths:1 | Reached skill level 5 in Charms
 60039 | Depths:1 | Reached XP level 22. HP: 108/167 MP: 41/41
 61507 | Depths:2 | Noticed Boris
 61519 | Depths:2 | Killed Boris
 61519 | Depths:2 | Reached skill level 10 in Shields
 61989 | Depths:2 | Noticed a caustic shrike
 61992 | Depths:2 | Killed a caustic shrike
 61992 | Depths:2 | Identified Sif Muna's Collected Works on Sinister Magic
                  | (Sif Muna gifted it to you on level 2 of the Depths)
 61992 | Depths:2 | Received a gift from Sif Muna
 62106 | Depths:2 | Noticed Nikola
 62231 | Depths:2 | Killed Nikola
 62963 | Depths:3 | Found a one-way gate leading to the halls of Pandemonium.
 63065 | Depths:3 | Found a flickering gateway to a bazaar.
 63118 | Bazaar   | Entered a bazaar
 63124 | Bazaar   | Found Woohich's Antique Armour Shop.
 63160 | Bazaar   | Found Kouzxuno's Jewellery Shop.
 63184 | Bazaar   | Bought a runed tower shield for 142 gold pieces
 63331 | Depths:3 | Noticed a juggernaut
 63340 | Depths:3 | Killed a juggernaut
 63355 | Depths:3 | Noticed Sojobo
 63752 | Depths:3 | Killed Sojobo
 63781 | Depths:3 | Gained mutation: You are powered by pain. [demonic
                  | ancestry]
 63781 | Depths:3 | Reached XP level 23. HP: 104/174 MP: 24/43
 64031 | Depths:3 | Cast into level 3 of the Abyss (a wizard)
 64065 | Depths:3 | Escaped the Abyss
 65686 | Depths:4 | Noticed an ancient lich
 65687 | Depths:4 | Found a gateway to a ziggurat.
 65931 | Depths:4 | Noticed a caustic shrike
 65933 | Depths:4 | Noticed a caustic shrike
 65943 | Depths:4 | Killed a caustic shrike
 65943 | Depths:4 | Reached skill level 15 in Invocations
 65943 | Depths:4 | Killed a caustic shrike
 66052 | Depths:4 | Noticed a caustic shrike
 66056 | Depths:4 | Killed a caustic shrike
 66201 | Depths:4 | Killed an ancient lich
 66399 | Depths:4 | Noticed a caustic shrike
 66403 | Depths:4 | Killed a caustic shrike
 66404 | Depths:4 | Noticed a caustic shrike
 66410 | Depths:4 | Killed a caustic shrike
 66424 | Depths:4 | Received a gift from Sif Muna
 66442 | Depths:4 | Noticed a caustic shrike
 66445 | Depths:4 | Noticed a caustic shrike
 66450 | Depths:4 | Killed a caustic shrike
 66451 | Depths:4 | Killed a caustic shrike
 66663 | Depths:4 | Identified the +7 falchion "Feozxet" {vorpal, *Corrode
                  | rPois MR++ Dex+3}
 67175 | Depths:4 | Reached skill level 10 in Fighting
 67470 | Depths:4 | Noticed a caustic shrike
 67474 | Depths:4 | Noticed an ancient lich
 67475 | Depths:4 | Killed a caustic shrike
 67478 | Depths:4 | Killed an ancient lich
 67599 | Depths:4 | Gained mutation: You have a pair of large horns on your
                  | head. [demonic ancestry]
 67599 | Depths:4 | Reached XP level 24. HP: 184/184 MP: 43/44
 67806 | Depths:5 | Entered Level 5 of the Depths
 67830 | Depths:5 | Noticed a juggernaut
 67836 | Depths:5 | Killed a juggernaut
 68022 | Depths:5 | Noticed a juggernaut
 68349 | Depths:5 | Reached skill level 10 in Dodging
 68352 | Depths:5 | Cast into level 4 of the Abyss (a lich)
 68374 | Abyss:4  | Gained mutation: Your magical and physical power is greatly
                  | enhanced at high health. [demonic ancestry]
 68374 | Abyss:4  | Reached XP level 25. HP: 114/191 MP: 12/44
 68375 | Abyss:4  | Reached XP level 26. HP: 118/197 MP: 12/45
 68496 | Abyss:4  | Found a snail-covered altar of Cheibriados.
 68497 | Abyss:4  | Found a stormy altar of Qazlal.
 68507 | Abyss:4  | Found a blossoming altar of Fedhas.
 68507 | Abyss:4  | Found a shattered altar of Ashenzari.
 68511 | Abyss:4  | Found an ancient bone altar of Kikubaaqudgha.
 68511 | Abyss:4  | Found an ornate altar of the Wu Jian Council.
 68512 | Abyss:4  | Found a shimmering blue altar of Sif Muna.
 68512 | Abyss:4  | Found a white marble altar of Elyvilon.
 68512 | Abyss:4  | Found a glowing golden altar of the Shining One.
 68512 | Abyss:4  | Found a hide-covered altar of Uskayaw.
 68513 | Abyss:4  | Found a bloodstained altar of Trog.
 68515 | Abyss:4  | Found an opulent altar of Gozag.
 68515 | Abyss:4  | Found a shadowy altar of Dithmenos.
 68515 | Abyss:4  | Found a shimmering altar of Xom.
 68517 | Abyss:4  | Found a hazy altar of Hepliaklqana.
 68517 | Abyss:4  | Found a basalt altar of Yredelemnul.
 68517 | Abyss:4  | Found a glowing silver altar of Zin.
 68517 | Abyss:4  | Found a burning altar of Makhleb.
 68519 | Abyss:4  | Found an iron altar of Okawaru.
 68519 | Abyss:4  | Found a sparkling altar of Nemelex Xobeh.
 68519 | Abyss:4  | Found a burning altar of Makhleb.
 68521 | Abyss:4  | Paralysed by accursed screaming for 2 turns
 68529 | Abyss:4  | HP: 6/199 [starcursed mass/accursed screaming (23)]
 68530 | Abyss:4  | Found a glowing golden altar of the Shining One.
 68531 | Abyss:4  | Killed from afar by a starcursed mass

Levels and vault maps discovered:
D:1:      moated_graveyard_arrival, layout_loops_ring,
          nemelex_diamond_rough_becter
D:2:      layout_loops_ring, first_ration
D:3:      layout_loops_cross, lemuel_doored_altar,
          nicolae_overflow_crystal_walls, okawaru_gym_becter,
          nicolae_qazlal_eye_of_the_storm, corexii_shack, grunt_gozag_statues,
          uniq_jessica, uniq_terence
D:4:      layout_loops_cross, uniq_eustachio
D:5:      layout_basic, lemuel_crystal_altar, nicolae_overflow_hidden_temple,
          xom_butterflies, minmay_temple_entry_drinking_statues, basic_altar
D:6:      layout_rooms, kennysheep_mini, lemuel_crystal_altar, led_sif_book,
          uniq_crazy_yiuf_cottage, uniq_grinder, uniq_blork_the_orc
D:7:      layout_layer_cave, overflow_temple_1_default, uniq_pikel
D:8:      layout_loops_cross, grunt_pizzeria
D:9:      layout_basic, kiku_gazebo_garden_becter, nemelex_altar_shiori,
          serial_shops, shop
D:10:     layout_cave_pools, serial_shops, shop
D:11:     layout_long_grid, lair_entry_dummy,
          kennysheep_orc_monster_closet_entryway, basic_altar
D:12:     layout_cave_pods, basic_altar
D:13:     layout_roguey, special_room [special_room_orc]
D:14:     layout_basic, grunt_vaults_entry_tiered, grunt_decor_mini_mirrors,
          gammafunk_ghost_arena
D:15:     hangedman_slaughterboxes, uniq_azrael
Temple:   dpeg_chambers_temple
Lair:1:   layout_hall_layers, minmay_shattered_shrine,
          infiniplex_staircase_pool_2
Lair:2:   layout_chaotic_city, uniq_gastronok
Lair:3:   layout_loops_ring, skrybe_swamp_entry_bodies,
          spider_nest_entry_rubble, uniq_sonja, uniq_urug, uniq_fannar
Lair:4:   layout_roguey, gauntlet_entry_generic, roderic_carrion_pond,
          grunt_megastairs_3
Lair:5:   layout_cave_pods, minmay_slime_entry_pillars
Lair:6:   evil_forest, layout_regular_city, grunt_megastairs_2
Swamp:1:  layout_basic_swamp, serial_swamp_ruin, evilmike_swamp_ruin_house_4,
          evilmike_swamp_ruin_house_3
Swamp:2:  cheibrodos_swamp_tower_of_moss, layout_falls_marsh,
          hangedman_swamp_blocks
Swamp:3:  layout_basic_swamp, lemuel_altar_in_water
Swamp:4:  swamp_fiery, layout_basic_swamp
Spider:1: layout_spider_delve
Spider:2: layout_spider_delve, drop_trap, uniq_arachne, uniq_frances
Spider:3: layout_spider_delve, drop_trap, uniq_donald
Spider:4: spider_rune_water, uniq_asterion
Orc:1:    layout_caves
Orc:2:    st_orc_ogre_mass, layout_diamond_mine, serial_shops,
          nicolae_shop_crystal, nooodl_orcs_dogs, uniq_snorg
Elf:1:    layout_geoelf_diagonals, serial_shops, statue_bzr, minivault_28,
          st_stairs_10, einodemon_armed_red_devil_minivault
Elf:2:    layout_gridlike, serial_shops, nicolae_shop_trees, shop,
          nicolae_shop_competitors_out_of_business, uniq_roxanne,
          uniq_saint_roka
Elf:3:    minmay_elf_hall_furrowed, layout_geoelf_castle,
          portal_ice_cave_entry_frozen_things
Vaults:1: nicolae_vaults_statue_guard, v_misc_10,
          nicolae_vaults_network_quinsquares
          [nicolae_vaults_network_quincunx_subvault,
          nicolae_vaults_network_quincunx_subvault,
          nicolae_vaults_network_quincunx_subvault,
          nicolae_vaults_network_quincunx_subvault], v_misc_5,
          hangedman_vaults_nails, nicolae_vaults_mini_display_case,
          vaults_dpeg_diagonal, ontoclasm_vaults_gateway,
          layout_vaults_quadrants
Vaults:2: blue_anna_dwarven_crypt, v_misc_22, vaults_mumra_minichess,
          vaults_standard_mumra_x, grunt_vaults_diagonal,
          nicolae_vaults_triangles, v_misc_16, vaults_dpeg_cross,
          nicolae_vaults_display_case, v_misc_3, ontoclasm_vaults_tryst,
          nicolae_vaults_yaktaur_gun_rack, vaults_room_semicircle,
          nicolae_vaults_specimen_jars, layout_vaults_omnicross, basic_altar,
          uniq_mara, uniq_margery, uniq_jory
Vaults:3: ontoclasm_vaults_eye, nicolae_vaults_hallways_thing,
          nicolae_vaults_network_star, hangedman_vaults_maws,
          grunt_vaults_trifunnel, grunt_vaults_focal, v_misc_30,
          nicolae_vaults_rhombus_6, hangedman_vaults_snaps,
          vaults_room_door_ring, layout_vaults_ring, serial_shops, shop,
          uniq_boris
Vaults:4: v_misc_9, v_pattern_2, v_rooms_1, ontoclasm_vaults_ring_large,
          v_misc_25, ontoclasm_vaults_hangar, nicolae_vaults_little_squares_3,
          v_misc_13, vaults_mumra_hex, hangedman_vaults_cutoff,
          dpeg_vaults_monster_box, layout_vaults_omnibox, serial_shops, shop,
          nicolae_shop_trees, uniq_mennas, uniq_aizul
Depths:1: layout_basic, minmay_room_of_horrors, roderic_roman_lattice,
          hell_entry, nrook_campfire, xom_teletrap_fun
Depths:2: kennysheep_large_spiral, layout_cave_pools,
          serial_sigils_hangedman_scar, grunt_hell_horde, uniq_nikola
Depths:3: evilmike_marble_ring, layout_cave_pools, pan_entry,
          hangedman_abyss_or_decor_stabs, pf_coc_iceberg, serial_shops,
          bzr_entry_lakeside, infiniplex_staircase_split_hallway, uniq_sojobo
Depths:4: grunt_arcs, layout_gridville, enter_ziggurat_c, hell_entry,
          abyss_entry, minmay_misc_feat_tiny, minmay_staircase_windowed_small
Depths:5: evilmike_zot_entry_diamond, layout_cave_pools, serial_shops,
          nicolae_shop_stone, hangedman_decor_diamond_cutter,
          pf_hell_entry_tar_spiral, due_unseen_surprise, serial_bayou_shore_b,
          serial_bayou_shore_b
Abyss:4:  base: D:2, nicolae_abyss_rune_star_stuff, abyss_greek_temple,
          abyss_greek_temple, evilmike_abyss_exit_mutagenic

Skill      XL: |  1  2  3  4  5  6  7  8  9 10 11 12 13 14 15 16 17 18 19 20 21 22 23 24 25 26 |
---------------+-------------------------------------------------------------------------------+-----
Fire Magic     | 3 4 5 7 8 9 10 11 12 13 14 15 16 17 | 17.4
Conjurations   | 2 3 4 5 7 8 9 10 11 12 13 14 15 16 17 18 | 18.5
Spellcasting   | 3 4 5 6 7 8 9 10 11 12 13 14 15 16 17 18 | 18.1
Dodging        | 2 4 5 6 7 8 9 10 | 10.0
Invocations    | 2 4 6 7 8 9 10 11 12 13 14 15 | 15.6
Fighting       | 2 3 4 5 6 7 8 9 10 | 10.4
Evocations     | 2 3 4 5 6 7 8 9 10 11 12 | 12.5
Shields        | 1 4 5 6 8 9 10 11 | 11.6
Air Magic      | 1 2 4 5 6 7 |  7.0
Earth Magic    | 2 4 5 6 7 8 9 10 11 12 | 12.0
Translocations | 2 3 4 5 |  5.0
Transmutations | 1 3 4 5 6 |  6.0
Charms         | 2 3 5 |  5.0
Stealth        | |  1.7

Action                   |  1- 3 |  4- 6 |  7- 9 | 10-12 | 13-15 | 16-18 | 19-21 | 22-24 | 25-27 || total
-------------------------+-------+-------+-------+-------+-------+-------+-------+-------+-------++-------
Melee: Whip              |    28 |    28 |       |       |       |       |       |       |       ||    56
       Unarmed           |     4 |       |       |       |       |       |       |       |       ||     4
       Falchion          |       |    31 |    74 |       |       |       |       |       |       ||   105
       Long sword        |       |       |    12 |       |       |       |       |       |       ||    12
       Quarterstaff      |       |       |    49 |    80 |       |       |       |       |       ||   129
       Headbutt          |       |       |     5 |    12 |    40 |    34 |    14 |    12 |     6 ||   123
       Flail             |       |       |       |    25 |   312 |   202 |    91 |    45 |    21 ||   696
       Demon blade       |       |       |       |       |       |       |       |       |     1 ||     1
Throw: Dart              |       |     4 |       |       |       |       |       |       |       ||     4
       Stone             |       |       |     3 |       |       |       |       |       |       ||     3
 Cast: Foxfire           |    66 |    78 |   175 |   174 |    29 |    24 |     4 |       |       ||   550
       Sticky Flame      |       |     2 |    30 |    79 |   132 |    64 |    53 |    15 |       ||   375
       Fireball          |       |       |       |    79 |   170 |   314 |   221 |   102 |     5 ||   891
       Bolt of Magma     |       |       |       |       |    74 |    56 |    93 |    40 |     6 ||   269
       Lightning Bolt    |       |       |       |       |    46 |   122 |   165 |   164 |     7 ||   504
       Airstrike         |       |       |       |       |    14 |    55 |    61 |    51 |       ||   181
       Iron Shot         |       |       |       |       |     6 |    75 |    28 |    75 |     3 ||   187
       Blink             |       |       |       |       |     1 |     8 |     2 |     6 |     1 ||    18
       Iskenderun's Batt |       |       |       |       |       |     5 |    48 |    36 |       ||    89
       Irradiate         |       |       |       |       |       |     2 |     9 |    19 |     4 ||    34
Invok: Channel Magic     |       |       |       |     1 |    12 |    15 |    22 |    26 |     3 ||    79
Evoke: Lightning rod     |       |       |       |       |       |       |     2 |       |       ||     2
       Wand              |       |       |       |       |       |       |       |     1 |       ||     1
  Use: Scroll            |       |       |    11 |    10 |    14 |    11 |    16 |     4 |     4 ||    70
       Potion            |       |       |       |     4 |     2 |     1 |     4 |     2 |     7 ||    20
 Stab: Sleeping          |       |       |       |       |       |     1 |       |       |       ||     1
  Eat: Chunk             |     4 |     4 |    32 |    39 |    45 |    69 |    36 |    26 |       ||   255
       Ration            |       |     1 |       |       |     2 |     5 |     5 |     2 |     1 ||    16
Armor: Robe              |    20 |    27 |    34 |       |     5 |       |       |       |       ||    86
       Leather armour    |       |       |    26 |    66 |   178 |   132 |    59 |    72 |    13 ||   546
       Skin              |       |       |       |    28 |       |       |       |       |       ||    28
Dodge: Dodged            |    37 |    45 |   101 |   139 |   470 |   267 |   195 |   148 |    30 ||  1432
       Deflected         |       |       |       |     6 |     6 |       |       |       |       ||    12
Block: Buckler           |       |       |       |    14 |   204 |   100 |    58 |       |       ||   376
       Reflection        |       |       |       |       |     9 |     1 |    35 |    18 |     3 ||    66
       Kite shield       |       |       |       |       |       |       |    85 |   169 |    46 ||   300
       Rpst.: Falchion   |       |     8 |     8 |       |       |       |       |       |       ||    16
       Demon blade       |       |       |       |       |       |       |       |       |     3 ||     3

Table legend:
 A = Non-vault XP
 B = Vault XP
 C = Vault XP percentage of total XP
 D = Non-vault monster count
 E = Vault monster count
 F = Vault count percentage of total count
                 A         B        C        D         E       F
            +---------+---------+-------+---------+---------+-------
      Total |  474931 |  567509 |  54.4 |    1183 |     781 |  39.8
            +---------+---------+-------+---------+---------+-------
        D:1 |      46 |       0 |   0.0 |      22 |       0 |   0.0
        D:2 |      44 |       0 |   0.0 |      19 |       0 |   0.0
        D:3 |      51 |      75 |  59.5 |      20 |       3 |  13.0
        D:4 |     245 |     203 |  45.3 |      11 |       1 |   8.3
        D:5 |     679 |       0 |   0.0 |      10 |       0 |   0.0
        D:6 |     272 |     491 |  64.4 |      15 |       5 |  25.0
        D:7 |    1397 |     663 |  32.2 |      27 |       1 |   3.6
        D:8 |    1052 |     220 |  17.3 |      24 |       1 |   4.0
        D:9 |    3373 |       0 |   0.0 |      55 |       0 |   0.0
       D:10 |    2353 |       0 |   0.0 |      15 |       0 |   0.0
       D:11 |    2897 |    1546 |  34.8 |      33 |      20 |  37.7
       D:12 |    2781 |       0 |   0.0 |      33 |       0 |   0.0
       D:13 |    7356 |     559 |   7.1 |      28 |      24 |  46.2
       D:14 |    8240 |   12703 |  60.7 |      49 |      35 |  41.7
       D:15 |       0 |   43640 | 100.0 |       0 |      97 | 100.0
     Lair:1 |    6034 |    7240 |  54.5 |      20 |      14 |  41.2
     Lair:2 |    3016 |       0 |   0.0 |      14 |       0 |   0.0
     Lair:3 |    2739 |    3777 |  58.0 |       6 |       6 |  50.0
     Lair:4 |    2779 |    1466 |  34.5 |       6 |       9 |  60.0
     Lair:5 |    5007 |    2963 |  37.2 |      18 |      14 |  43.8
     Lair:6 |    8317 |   11061 |  57.1 |      33 |      33 |  50.0
    Swamp:1 |   12842 |       0 |   0.0 |      42 |       0 |   0.0
    Swamp:2 |    6069 |    2194 |  26.6 |      17 |       1 |   5.6
    Swamp:3 |    9550 |    1026 |   9.7 |      23 |       1 |   4.2
    Swamp:4 |    7646 |   15878 |  67.5 |      18 |      30 |  62.5
   Spider:1 |   14870 |       0 |   0.0 |      46 |       0 |   0.0
   Spider:2 |   18212 |    5869 |  24.4 |      54 |       2 |   3.6
   Spider:3 |   10985 |    1918 |  14.9 |      28 |       1 |   3.4
   Spider:4 |    3788 |   24269 |  86.5 |      10 |      47 |  82.5
      Orc:1 |     703 |       0 |   0.0 |      13 |       0 |   0.0
      Orc:2 |    3208 |   20376 |  86.4 |      27 |      54 |  66.7
      Elf:1 |   17493 |   10919 |  38.4 |      26 |      20 |  43.5
      Elf:2 |   11799 |   32852 |  73.6 |      18 |      40 |  69.0
      Elf:3 |    6692 |   57888 |  89.6 |      13 |      38 |  74.5
   Vaults:1 |   34866 |   16956 |  32.7 |      57 |      17 |  23.0
   Vaults:2 |   15278 |   35682 |  70.0 |      26 |      35 |  57.4
   Vaults:3 |   31346 |   36587 |  53.9 |      47 |      46 |  49.5
   Vaults:4 |   19927 |   26411 |  57.0 |      29 |      33 |  53.2
   Depths:1 |   31145 |    3833 |  11.0 |      45 |      14 |  23.7
   Depths:2 |   46429 |   32856 |  41.4 |      53 |      24 |  31.2
   Depths:3 |   21963 |   44633 |  67.0 |      35 |      26 |  42.6
   Depths:4 |   44932 |   89596 |  66.6 |      53 |      40 |  43.0
   Depths:5 |   37676 |    5569 |  12.9 |      25 |       4 |  13.8
    Abyss:3 |     241 |       0 |   0.0 |       1 |       0 |   0.0
    Abyss:4 |    8593 |       0 |   0.0 |      19 |       0 |   0.0
      IceCv |       0 |   11277 | 100.0 |       0 |      30 | 100.0
   Gauntlet |       0 |    4313 | 100.0 |       0 |      15 | 100.0
            +---------+---------+-------+---------+---------+-------
